Adelaide Pink Elephants vs Reno Silver Aces
Created - Thursday, May 16, 2024 at 07:52
Goals
|
| Adelaide Pink Elephants |
3 |
0 |
1 |
4 |
| Reno Silver Aces |
3 |
3 |
1 |
7 |
|
Shots
|
| Adelaide Pink Elephants |
10 |
11 |
6 |
27 |
| Reno Silver Aces |
10 |
14 |
10 |
34 |
|
1st period
1. Reno Silver Aces , Curtis Lazar 35 (Josh Archibald 29) at 5:35
2. Adelaide Pink Elephants , Denis Gurianov 46 (Cal Clutterbuck 37) at 15:30
3. Adelaide Pink Elephants , Tristen Robins 20 (Axel Jonsson-Fjallby 21, Cal Clutterbuck 38) at 18:14
4. Reno Silver Aces , Nicolas Deslauriers 15 (Patrick Brown 33, Drew O'Connor 31) at 18:49
5. Reno Silver Aces , Curtis Lazar 36 (Vinnie Hinostroza 45) at 19:01
6. Adelaide Pink Elephants , Denis Gurianov 47 (Cal Clutterbuck 39) at 19:56 (PP)
Penalties :
Maxime Comtois (RSA) for Fighting (Major) at 0:05, Nick Cicek (APE) for Fighting (Major) at 0:05, Jon Merrill (RSA) for Hooking (Minor) at 7:42, Jacob Bernard-Docker (APE) for Hooking (Minor) at 13:19, Michael Stone (RSA) for Tripping (Minor) at 19:20
2nd period
7. Reno Silver Aces , Vinnie Hinostroza 33 (Valtteri Puustinen 24, Trevor Lewis 41) at 10:46 (PP)
8. Reno Silver Aces , Robert Bortuzzo 6 (Trevor Lewis 42, Josh Archibald 30) at 15:22 (PP)
9. Reno Silver Aces , Maxime Comtois 21 (Peter Abbandonato 31, William Dufour 31) at 18:38 (PP)
Penalties :
Zachary Jones (APE) for Holding (Minor) at 2:46, Maxime Comtois (RSA) for Checking from behind (Minor) at 5:49, Jacob Bernard-Docker (APE) for Hooking (Minor) at 10:36, Robert Bortuzzo (RSA) for Hooking (Minor) at 13:16, Jacob Bernard-Docker (APE) for Tripping (Minor) at 14:27, Caleb Jones (APE) for Hooking (Minor) at 17:34
3rd period
10. Reno Silver Aces , Vinnie Hinostroza 34 (Trevor Lewis 43) at 16:55 (PP)
11. Adelaide Pink Elephants , Matthew Phillips 39 (Zachary Jones 23) at 17:59
Penalties :
Maxime Comtois (RSA) for Fighting (Major) at 1:00, Denis Gurianov (APE) for Fighting (Major) at 1:00, Benjamin Gleason (APE) for Hooking (Minor) at 4:06, Jacob Bernard-Docker (APE) for Elbowing (Minor) at 16:53
Goalie Stats
Unknown Goalie (APE), 27 saves from 34 shots - (0.794), L, 0-1-0, 60:00 minutes
Casey DeSmith (RSA), 23 saves from 27 shots - (0.852), W, 27-8-0, 60:00 minutes
Players Stats for Adelaide Pink Elephants
Player Name G A P +/- PIM S H SB GA TA FO MP PP MP PK MP
------------------------------------------------------------------------------------
Adam Gaudette 0 0 0 -1 0 0 1 0 0 1 8/20 19:39 2:41 3:23
AJ Greer 0 0 0 0 0 3 2 0 0 2 0/1 17:55 2:47 1:10
Alex Vlasic 0 0 0 0 0 1 0 0 0 0 0/0 7:05 0:00 0:00
Axel Jonsson-Fjallby 0 1 1 0 0 3 1 2 0 1 0/0 17:52 0:00 0:00
Benjamin Gleason 0 0 0 0 2 0 0 1 0 0 0/0 7:04 0:00 0:00
Cal Clutterbuck 0 3 3 -1 0 0 1 1 0 0 1/4 21:43 2:34 3:10
Caleb Jones 0 0 0 -1 2 3 2 0 2 1 0/0 20:04 3:09 2:37
Denis Gurianov 2 0 2 0 5 7 2 1 0 0 0/0 17:45 2:34 2:33
Fredrik Olofsson 0 0 0 1 0 2 0 0 0 0 1/1 16:02 0:24 0:38
Ilya Solovyov 0 0 0 -1 0 0 1 0 0 0 0/0 3:19 0:00 0:07
Jacob Bernard-Docker 0 0 0 1 8 2 1 2 0 1 0/0 19:52 2:35 2:46
Matthew Phillips 1 0 1 0 0 2 2 0 1 1 2/9 20:46 2:51 3:30
Nick Cicek 0 0 0 0 5 0 3 1 0 1 0/0 19:46 3:09 3:20
Robin Salo 0 0 0 1 0 0 0 0 1 0 0/0 13:11 0:00 2:02
Ryan Suzuki 0 0 0 -1 0 1 1 0 0 0 10/11 19:13 2:50 0:00
Tristen Robins 1 0 1 1 0 3 0 0 0 0 4/6 15:56 0:30 0:22
Ville Heinola 0 0 0 1 0 0 1 1 0 1 0/0 14:25 0:04 0:51
Zachary Jones 0 1 1 0 2 0 1 1 1 1 0/0 20:12 2:36 2:57
Players Stats for Reno Silver Aces
Player Name G A P +/- PIM S H SB GA TA FO MP PP MP PK MP
------------------------------------------------------------------------------------
Curtis Lazar 2 0 2 2 0 2 5 0 0 0 6/12 17:07 0:32 2:45
Danton Heinen 0 0 0 0 0 3 2 1 1 0 0/0 16:26 2:52 0:00
Drew O'Connor 0 1 1 0 0 3 0 0 0 0 0/0 15:29 1:03 2:47
Dylan Coghlan 0 0 0 0 0 0 0 0 0 0 0/0 19:31 0:39 2:39
Jeremie Poirier 0 0 0 -2 0 0 1 0 0 0 0/0 15:52 3:49 0:00
Jon Merrill 0 0 0 2 2 2 1 4 0 0 0/0 20:29 0:00 2:11
Josh Archibald 0 2 2 2 0 0 0 0 0 1 1/2 17:10 0:07 2:52
Maxime Comtois 1 0 1 0 12 4 2 0 0 0 0/0 12:48 3:08 0:00
Michael Stone 0 0 0 0 2 1 2 0 1 0 0/0 19:16 0:39 2:39
Nicolas Deslauriers 1 0 1 0 0 5 3 0 0 0 0/0 11:25 0:13 0:00
Patrick Brown 0 1 1 0 0 2 0 0 1 2 3/11 13:41 0:00 2:47
Peter Abbandonato 0 1 1 -2 0 1 2 0 0 0 3/6 12:37 4:11 0:00
Robert Bortuzzo 1 0 1 2 2 2 1 1 0 2 0/0 23:52 2:59 2:33
Trevor Lewis 0 3 3 0 0 5 0 1 1 0 12/20 17:00 2:53 0:13
Valtteri Puustinen 0 1 1 -2 0 1 0 0 2 0 0/0 14:26 2:59 0:06
Vinnie Hinostroza 2 1 3 2 0 3 1 0 4 0 1/1 16:28 2:46 0:00
William Dufour 0 1 1 -2 0 0 0 0 0 0 0/0 12:10 4:01 0:00
William Villeneuve 0 0 0 -2 0 0 0 1 0 0 0/0 17:34 3:49 1:28
3 Stars
1 - Curtis Lazar (RSA)
2 - Vinnie Hinostroza (RSA)
3 - Trevor Lewis (RSA)
Power Play
Adelaide Pink Elephants - 1 on 4 Attempt(s) - 25.00%
Reno Silver Aces - 4 on 7 Attempt(s) - 57.14%
Penalty Kill
Adelaide Pink Elephants - 3 on 7 Attempt(s) - 42.86%
- Score 0 goal in Penalty Kill
Reno Silver Aces - 3 on 4 Attempt(s) - 75.00%
- Score 0 goal in Penalty Kill
Team Stat
Adelaide Pink Elephants - Hits : 19 - Faceoff Wins : 26 - Blocked Shots : 10 - Penalty Minutes : 24
Reno Silver Aces - Hits : 20 - Faceoff Wins : 26 - Blocked Shots : 8 - Penalty Minutes : 18
Official
Referees : Graham Skiliter and Dan O'Rourke
Linesman : Steve Barton and Shane Heyer
Game Notes
Nick Cicek beats up Maxime Comtois at 0:05 of 1st period
Denis Gurianov beats up Maxime Comtois at 1:00 of 3rd period
Adelaide Pink Elephants
5 vs 5 Forward
Center Left Wing Right Wing Time % Phy DF OF
1 Adam Gaudette Denis Gurianov Cal Clutterbuck 30 1 2 2
2 Matthew Phillips AJ Greer Ryan Suzuki 30 1 2 2
3 Tristen Robins Fredrik Olofsson Axel Jonsson-Fjallby 25 1 2 2
4 Ryan Suzuki Axel Jonsson-Fjallby Cal Clutterbuck 15 1 2 2
5 vs 5 Defense
Defense Defense Time % Phy DF OF
1 Caleb Jones Nick Cicek 30 1 2 2
2 Jacob Bernard-Docker Zachary Jones 30 1 2 2
3 Robin Salo Ville Heinola 25 1 2 2
4 Alex Vlasic Benjamin Gleason 15 1 2 2
PowerPlay Forward
Center Left Wing Right Wing Time % Phy DF OF
1 Adam Gaudette Denis Gurianov Cal Clutterbuck 50 1 2 2
2 Matthew Phillips AJ Greer Ryan Suzuki 50 1 2 2
PowerPlay Defense
Defense Defense Time % Phy DF OF
1 Caleb Jones Nick Cicek 50 1 2 2
2 Jacob Bernard-Docker Zachary Jones 50 1 2 2
Penalty Kill 4 Players Forward
Center Wing Time % Phy DF OF
1 Cal Clutterbuck Denis Gurianov 50 1 2 2
2 Adam Gaudette Matthew Phillips 50 1 2 2
Penalty Kill 4 Players Defense
Defense Defense Time % Phy DF OF
1 Caleb Jones Nick Cicek 50 1 2 2
2 Jacob Bernard-Docker Zachary Jones 50 1 2 2
Penalty Kill - 3 Players Forward
Forward Time % Phy DF OF
1 Cal Clutterbuck 50 1 2 2
2 Denis Gurianov 50 1 2 2
Penalty Kill - 3 Players Defense
Defense Defense Time % Phy DF OF
1 Caleb Jones Nick Cicek 50 1 2 2
2 Jacob Bernard-Docker Zachary Jones 50 1 2 2
4 vs 4 Forward
Center Wing Time % Phy DF OF
1 Cal Clutterbuck Denis Gurianov 50 1 2 2
2 Adam Gaudette Matthew Phillips 50 1 2 2
4 vs 4 Defense
Defense Defense Time % Phy DF OF
1 Caleb Jones Nick Cicek 50 1 2 2
2 Jacob Bernard-Docker Zachary Jones 50 1 2 2
Last Minutes Offensive
Center Left Wing Right Wing Defense Defense
Adam Gaudette Denis Gurianov Cal Clutterbuck Caleb Jones Nick Cicek
Last Minutes Defensive
Center Left Wing Right Wing Defense Defense
Adam Gaudette Denis Gurianov Cal Clutterbuck Caleb Jones Nick Cicek
Goaltenders
Starting : Unknown Goalie
Backup : Unknown Goalie
Extra Forwards
Normal : Tristen Robins, Fredrik Olofsson, AJ Greer - PP : Tristen Robins, Fredrik Olofsson - PK : AJ Greer
Extra Defensemen
Normal : Ilya Solovyov, Robin Salo, Ville Heinola - PP : Ilya Solovyov - PK : Robin Salo, Ville Heinola
Penalty Shots
Cal Clutterbuck, Denis Gurianov, Adam Gaudette, Matthew Phillips, AJ Greer
Reno Silver Aces
5 vs 5 Forward
Center Left Wing Right Wing Time % Phy DF OF
1 Trevor Lewis Maxime Comtois Danton Heinen 30 1 2 2
2 Curtis Lazar Vinnie Hinostroza Josh Archibald 30 1 2 2
3 Patrick Brown Drew O'Connor Nicolas Deslauriers 25 1 2 2
4 Peter Abbandonato Valtteri Puustinen William Dufour 15 1 2 2
5 vs 5 Defense
Defense Defense Time % Phy DF OF
1 Robert Bortuzzo Jon Merrill 30 1 2 2
2 Michael Stone Dylan Coghlan 30 1 2 2
3 Jeremie Poirier William Villeneuve 25 1 2 2
4 Robert Bortuzzo Jon Merrill 15 1 2 2
PowerPlay Forward
Center Left Wing Right Wing Time % Phy DF OF
1 Trevor Lewis Valtteri Puustinen Vinnie Hinostroza 50 1 2 2
2 Peter Abbandonato Maxime Comtois William Dufour 50 1 2 2
PowerPlay Defense
Defense Defense Time % Phy DF OF
1 Danton Heinen Robert Bortuzzo 50 1 2 2
2 William Villeneuve Jeremie Poirier 50 1 2 2
Penalty Kill 4 Players Forward
Center Wing Time % Phy DF OF
1 Curtis Lazar Josh Archibald 50 1 2 2
2 Patrick Brown Drew O'Connor 50 1 2 2
Penalty Kill 4 Players Defense
Defense Defense Time % Phy DF OF
1 Robert Bortuzzo Jon Merrill 50 1 2 2
2 Michael Stone Dylan Coghlan 50 1 2 2
Penalty Kill - 3 Players Forward
Forward Time % Phy DF OF
1 Curtis Lazar 50 1 2 2
2 Patrick Brown 50 1 2 2
Penalty Kill - 3 Players Defense
Defense Defense Time % Phy DF OF
1 Robert Bortuzzo Jon Merrill 50 1 2 2
2 Michael Stone Dylan Coghlan 50 1 2 2
4 vs 4 Forward
Center Wing Time % Phy DF OF
1 Trevor Lewis Josh Archibald 50 1 2 2
2 Peter Abbandonato Nicolas Deslauriers 50 1 2 2
4 vs 4 Defense
Defense Defense Time % Phy DF OF
1 Robert Bortuzzo Jon Merrill 50 1 2 2
2 William Villeneuve Jeremie Poirier 50 1 2 2
Last Minutes Offensive
Center Left Wing Right Wing Defense Defense
Trevor Lewis Maxime Comtois Danton Heinen Michael Stone Jon Merrill
Last Minutes Defensive
Center Left Wing Right Wing Defense Defense
Curtis Lazar Josh Archibald Patrick Brown Robert Bortuzzo Jon Merrill
Goaltenders
Starting : Casey DeSmith
Backup : Mackenzie Blackwood
Extra Forwards
Normal : Valtteri Puustinen, Vinnie Hinostroza, Drew O'Connor - PP : Valtteri Puustinen, Vinnie Hinostroza - PK : Drew O'Connor
Extra Defensemen
Normal : Dylan Coghlan, William Villeneuve, Robert Bortuzzo - PP : Michael Stone - PK : William Villeneuve, Robert Bortuzzo
Penalty Shots
Curtis Lazar, Maxime Comtois, Trevor Lewis, Nicolas Deslauriers, Josh Archibald
% Time on Ice - Adelaide Pink Elephants
Lines # - Real PCT - Wanted PCT - Time Play
Normal Forward
1 - 30% - 30% - 13:48
2 - 29% - 30% - 13:28
3 - 32% - 25% - 14:38
4 - 9% - 15% - 4:13
Normal Defense
1 - 30% - 30% - 13:44
2 - 31% - 30% - 14:22
3 - 24% - 25% - 10:56
4 - 15% - 15% - 7:05
PP Forward
1 - 49% - 50% - 2:48
2 - 51% - 50% - 2:57
PP Defense
1 - 55% - 50% - 3:09
2 - 45% - 50% - 2:36
PK Forward
1 - 52% - 50% - 3:50
2 - 48% - 50% - 3:30
PK Defense
1 - 45% - 50% - 3:20
2 - 55% - 50% - 4:00
PK3 Forward
1 - 0% - 50%
2 - 0% - 50%
PK3 Defense
1 - 0% - 50%
2 - 0% - 50%
44 Forward
1 - 54% - 50% - 0:26
2 - 46% - 50% - 0:22
44 Defense
1 - 73% - 50% - 0:35
2 - 27% - 50% - 0:13
Last Minute Offensive - 0:00
Last Minute Defensive - 0:00
Total
Forward - 60:00
Defense - 60:00
|
% Time on Ice - Reno Silver Aces
Lines # - Real PCT - Wanted PCT - Time Play
Normal Forward
1 - 29% - 30% - 13:30
2 - 30% - 30% - 13:41
3 - 24% - 25% - 10:54
4 - 17% - 15% - 8:02
Normal Defense
1 - 30% - 30% - 13:59
2 - 34% - 30% - 15:46
3 - 25% - 25% - 11:23
4 - 11% - 15% - 4:59
PP Forward
1 - 42% - 50% - 3:03
2 - 58% - 50% - 4:17
PP Defense
1 - 48% - 50% - 3:31
2 - 52% - 50% - 3:49
PK Forward
1 - 51% - 50% - 2:55
2 - 49% - 50% - 2:50
PK Defense
1 - 54% - 50% - 3:06
2 - 46% - 50% - 2:39
PK3 Forward
1 - 0% - 50%
2 - 0% - 50%
PK3 Defense
1 - 0% - 50%
2 - 0% - 50%
44 Forward
1 - 67% - 50% - 0:32
2 - 33% - 50% - 0:16
44 Defense
1 - 56% - 50% - 0:27
2 - 44% - 50% - 0:21
Last Minute Offensive - 0:00
Last Minute Defensive - 0:00
Total
Forward - 60:00
Defense - 60:00
|
Play-by-Play
1st period
0:01 of 1st period - Trevor Lewis wins face-off versus Adam Gaudette in neutral zone.
0:05 of 1st period - Nick Cicek beats up Maxime Comtois.
0:05 of 1st period - Penalty to Maxime Comtois for Fighting.
0:05 of 1st period - Penalty to Nick Cicek for Fighting.
0:06 of 1st period - Curtis Lazar wins face-off versus Matthew Phillips in Adelaide Pink Elephants zone.
0:07 of 1st period - Slapshot by Vinnie Hinostroza.
0:07 of 1st period - Shot Misses the Net.
0:11 of 1st period - Snap shot by Vinnie Hinostroza.
0:11 of 1st period - Deflect By Josh Archibald.
0:11 of 1st period - Shot Misses the Net.
0:11 of 1st period - Puck is out of play.
0:12 of 1st period - Curtis Lazar wins face-off versus Matthew Phillips in Adelaide Pink Elephants zone.
0:59 of 1st period - Michael Stone is hit by Zachary Jones and loses puck.
1:10 of 1st period - Wrist shot by Matthew Phillips.
1:10 of 1st period - Shot Misses the Net.
1:15 of 1st period - Off-side.
1:16 of 1st period - Patrick Brown wins face-off versus Tristen Robins in neutral zone.
1:48 of 1st period - Snap shot by Danton Heinen.
1:48 of 1st period - Deflect By Valtteri Puustinen.
1:48 of 1st period - Shot Misses the Net.
1:48 of 1st period - Puck is out of play.
1:49 of 1st period - Adam Gaudette wins face-off versus Peter Abbandonato in Adelaide Pink Elephants zone.
1:56 of 1st period - Backhand shot by Denis Gurianov.
1:56 of 1st period - Stopped by Casey DeSmith without a rebound.
1:57 of 1st period - Peter Abbandonato wins face-off versus Adam Gaudette in Reno Silver Aces zone.
1:57 of 1st period - Peter Abbandonato is hit by Denis Gurianov.
2:07 of 1st period - Snap shot by Valtteri Puustinen.
2:07 of 1st period - Shot Misses the Net.
2:09 of 1st period - Slapshot by Robert Bortuzzo.
2:09 of 1st period - Shot Blocked by Cal Clutterbuck.
2:11 of 1st period - Slapshot by Jon Merrill.
2:11 of 1st period - Stopped by Unknown Goalie with a rebound.
2:13 of 1st period - Wrist shot by Peter Abbandonato.
2:13 of 1st period - Deflect By Caleb Jones.
2:13 of 1st period - Shot Misses the Net.
2:13 of 1st period - Puck is out of play.
2:14 of 1st period - Tristen Robins wins face-off versus Trevor Lewis in Adelaide Pink Elephants zone.
2:21 of 1st period - Snap shot by Axel Jonsson-Fjallby.
2:21 of 1st period - Deflect By Fredrik Olofsson.
2:21 of 1st period - Stopped by Casey DeSmith with a rebound.
2:23 of 1st period - Slapshot by Alex Vlasic.
2:23 of 1st period - Stopped by Casey DeSmith without a rebound.
2:24 of 1st period - Trevor Lewis wins face-off versus Tristen Robins in Reno Silver Aces zone.
2:39 of 1st period - Snap shot by Fredrik Olofsson.
2:39 of 1st period - Shot Misses the Net.
3:28 of 1st period - Wrist shot by Trevor Lewis.
3:28 of 1st period - Shot Blocked by Benjamin Gleason.
4:09 of 1st period - Slapshot by Fredrik Olofsson.
4:09 of 1st period - Shot Blocked by Trevor Lewis.
4:11 of 1st period - Slapshot by Benjamin Gleason.
4:11 of 1st period - Shot Blocked by Danton Heinen.
4:41 of 1st period - Snap shot by Axel Jonsson-Fjallby.
4:41 of 1st period - Shot Blocked by Jon Merrill.
4:51 of 1st period - Snap shot by Axel Jonsson-Fjallby.
4:51 of 1st period - Shot Misses the Net.
4:59 of 1st period - Snap shot by Tristen Robins.
4:59 of 1st period - Stopped by Casey DeSmith without a rebound.
5:00 of 1st period - Adam Gaudette wins face-off versus Patrick Brown in Reno Silver Aces zone.
5:25 of 1st period - Josh Archibald is hit by Ilya Solovyov.
5:31 of 1st period - Snap shot by Curtis Lazar.
5:31 of 1st period - Shot Misses the Net.
5:33 of 1st period - Snap shot by Curtis Lazar.
5:33 of 1st period - Shot Misses the Net.
5:35 of 1st period - Backhand shot by Curtis Lazar.
5:35 of 1st period - Goal by Curtis Lazar - Adelaide Pink Elephants : 0 - Reno Silver Aces : 1.
5:36 of 1st period - Adam Gaudette wins face-off versus Patrick Brown in neutral zone.
5:49 of 1st period - Cal Clutterbuck is hit by Nicolas Deslauriers and loses puck.
6:02 of 1st period - Curtis Lazar is hit by Ville Heinola and loses puck.
6:13 of 1st period - Snap shot by AJ Greer.
6:13 of 1st period - Stopped by Casey DeSmith with a rebound.
6:25 of 1st period - Snap shot by Nicolas Deslauriers.
6:25 of 1st period - Shot Misses the Net.
7:42 of 1st period - Minor Penalty to Jon Merrill for Hooking.
7:43 of 1st period - Josh Archibald wins face-off versus Adam Gaudette in Reno Silver Aces zone.
9:19 of 1st period - Drew O'Connor is hit by Nick Cicek.
9:42 of 1st period - Penalty to Jon Merrill is over, Jon Merrill is back on ice.
10:25 of 1st period - Fredrik Olofsson is hit by Peter Abbandonato and loses puck.
10:46 of 1st period - Cal Clutterbuck is hit by Curtis Lazar and loses puck.
12:27 of 1st period - AJ Greer is hit by Danton Heinen and loses puck.
12:46 of 1st period - Benjamin Gleason is hit by Curtis Lazar and loses puck.
13:19 of 1st period - Minor Penalty to Jacob Bernard-Docker for Hooking.
13:20 of 1st period - Adam Gaudette wins face-off versus Trevor Lewis in Adelaide Pink Elephants zone.
15:19 of 1st period - Penalty to Jacob Bernard-Docker is over, Jacob Bernard-Docker is back on ice.
15:24 of 1st period - Cal Clutterbuck is hit by Jeremie Poirier.
15:30 of 1st period - Wrist shot by Denis Gurianov.
15:30 of 1st period - Goal by Denis Gurianov - Adelaide Pink Elephants : 1 - Reno Silver Aces : 1.
15:31 of 1st period - Ryan Suzuki wins face-off versus Patrick Brown in neutral zone.
15:36 of 1st period - Wrist shot by Matthew Phillips.
15:36 of 1st period - Shot Misses the Net.
15:58 of 1st period - Wrist shot by Josh Archibald.
15:58 of 1st period - Shot Blocked by Ville Heinola.
16:00 of 1st period - Slapshot by Robert Bortuzzo.
16:00 of 1st period - Stopped by Unknown Goalie with a rebound.
16:02 of 1st period - Wrist shot by Vinnie Hinostroza.
16:02 of 1st period - Stopped by Unknown Goalie with a rebound.
16:04 of 1st period - Snap shot by Curtis Lazar.
16:04 of 1st period - Shot Misses the Net.
16:06 of 1st period - Snap shot by Vinnie Hinostroza.
16:06 of 1st period - Deflect By Curtis Lazar.
16:06 of 1st period - Shot Misses the Net.
16:06 of 1st period - Puck is out of play.
16:07 of 1st period - Adam Gaudette wins face-off versus Patrick Brown in Adelaide Pink Elephants zone.
16:14 of 1st period - Snap shot by Denis Gurianov.
16:14 of 1st period - Shot Misses the Net.
16:16 of 1st period - Slapshot by Denis Gurianov.
16:16 of 1st period - Stopped by Casey DeSmith without a rebound.
16:17 of 1st period - Adam Gaudette wins face-off versus Patrick Brown in Reno Silver Aces zone.
16:27 of 1st period - Off-side.
16:28 of 1st period - Ryan Suzuki wins face-off versus Curtis Lazar in neutral zone.
16:53 of 1st period - Drew O'Connor is hit by Caleb Jones and loses puck.
17:10 of 1st period - Slapshot by Maxime Comtois.
17:10 of 1st period - Stopped by Unknown Goalie with a rebound.
17:58 of 1st period - Slapshot by Drew O'Connor.
17:58 of 1st period - Stopped by Unknown Goalie with a rebound.
18:10 of 1st period - Wrist shot by Tristen Robins.
18:10 of 1st period - Stopped by Casey DeSmith with a rebound.
18:14 of 1st period - Snap shot by Tristen Robins.
18:14 of 1st period - Goal by Tristen Robins - Adelaide Pink Elephants : 2 - Reno Silver Aces : 1.
18:15 of 1st period - Vinnie Hinostroza wins face-off versus Matthew Phillips in neutral zone.
18:40 of 1st period - Denis Gurianov is hit by Michael Stone and loses puck.
18:45 of 1st period - Backhand shot by Drew O'Connor.
18:45 of 1st period - Stopped by Unknown Goalie with a rebound.
18:47 of 1st period - Wrist shot by Patrick Brown.
18:47 of 1st period - Stopped by Unknown Goalie with a rebound.
18:49 of 1st period - Wrist shot by Nicolas Deslauriers.
18:49 of 1st period - Goal by Nicolas Deslauriers - Adelaide Pink Elephants : 2 - Reno Silver Aces : 2.
18:50 of 1st period - Ryan Suzuki wins face-off versus Curtis Lazar in neutral zone.
19:01 of 1st period - Snap shot by Curtis Lazar.
19:01 of 1st period - Goal by Curtis Lazar - Adelaide Pink Elephants : 2 - Reno Silver Aces : 3.
19:02 of 1st period - Curtis Lazar wins face-off versus Ryan Suzuki in neutral zone.
19:20 of 1st period - Minor Penalty to Michael Stone for Tripping.
19:21 of 1st period - Ryan Suzuki wins face-off versus Josh Archibald in Reno Silver Aces zone.
19:56 of 1st period - Snap shot by Denis Gurianov.
19:56 of 1st period - Goal by Denis Gurianov - Adelaide Pink Elephants : 3 - Reno Silver Aces : 3.
19:57 of 1st period - Trevor Lewis wins face-off versus Matthew Phillips in neutral zone.
Goals for this period are 3 for Adelaide Pink Elephants vs 3 for Reno Silver Aces.
Shots for this period are 10 for Adelaide Pink Elephants vs 10 for Reno Silver Aces.
2nd period
0:01 of 2nd period - Trevor Lewis wins face-off versus Matthew Phillips in neutral zone.
0:12 of 2nd period - Slapshot by Danton Heinen.
0:12 of 2nd period - Shot Misses the Net.
0:14 of 2nd period - Slapshot by Trevor Lewis.
0:14 of 2nd period - Stopped by Unknown Goalie with a rebound.
0:16 of 2nd period - Slapshot by Jon Merrill.
0:16 of 2nd period - Stopped by Unknown Goalie with a rebound.
0:26 of 2nd period - Denis Gurianov is hit by Curtis Lazar and loses puck.
0:35 of 2nd period - Cal Clutterbuck is hit by Curtis Lazar and loses puck.
0:56 of 2nd period - Snap shot by Axel Jonsson-Fjallby.
0:56 of 2nd period - Stopped by Casey DeSmith with a rebound.
0:58 of 2nd period - Snap shot by Nick Cicek.
0:58 of 2nd period - Shot Blocked by William Villeneuve.
1:00 of 2nd period - Wrist shot by Tristen Robins.
1:00 of 2nd period - Shot Misses the Net.
1:10 of 2nd period - Valtteri Puustinen is hit by Matthew Phillips and loses puck.
2:46 of 2nd period - Minor Penalty to Zachary Jones for Holding.
2:47 of 2nd period - Peter Abbandonato wins face-off versus Cal Clutterbuck in Adelaide Pink Elephants zone.
3:38 of 2nd period - Jacob Bernard-Docker is hit by Maxime Comtois and loses puck.
3:47 of 2nd period - Peter Abbandonato is hit by Adam Gaudette.
4:01 of 2nd period - Snap shot by Valtteri Puustinen.
4:01 of 2nd period - Stopped by Unknown Goalie with a rebound.
4:46 of 2nd period - Penalty to Zachary Jones is over, Zachary Jones is back on ice.
5:18 of 2nd period - Josh Archibald is hit by Cal Clutterbuck and loses puck.
5:49 of 2nd period - Minor Penalty to Maxime Comtois for Checking from behind.
5:50 of 2nd period - Patrick Brown wins face-off versus Cal Clutterbuck in Reno Silver Aces zone.
7:49 of 2nd period - Penalty to Maxime Comtois is over, Maxime Comtois is back on ice.
8:36 of 2nd period - Wrist shot by Maxime Comtois.
8:36 of 2nd period - Shot Misses the Net.
9:08 of 2nd period - Slapshot by Nicolas Deslauriers.
9:08 of 2nd period - Deflect By Josh Archibald.
9:08 of 2nd period - Deflect By Zachary Jones.
9:08 of 2nd period - Shot Blocked by Jacob Bernard-Docker.
9:08 of 2nd period - Puck is out of play.
9:09 of 2nd period - Ryan Suzuki wins face-off versus Curtis Lazar in Adelaide Pink Elephants zone.
9:58 of 2nd period - Jacob Bernard-Docker is hit by Nicolas Deslauriers and loses puck.
10:21 of 2nd period - Cal Clutterbuck is hit by Danton Heinen and loses puck.
10:28 of 2nd period - Slapshot by Danton Heinen.
10:28 of 2nd period - Shot Misses the Net.
10:30 of 2nd period - Slapshot by Maxime Comtois.
10:30 of 2nd period - Shot Blocked by Zachary Jones.
10:36 of 2nd period - Minor Penalty to Jacob Bernard-Docker for Hooking.
10:37 of 2nd period - Trevor Lewis wins face-off versus Adam Gaudette in Adelaide Pink Elephants zone.
10:46 of 2nd period - Slapshot by Vinnie Hinostroza.
10:46 of 2nd period - Goal by Vinnie Hinostroza - Adelaide Pink Elephants : 3 - Reno Silver Aces : 4.
10:47 of 2nd period - Matthew Phillips wins face-off versus Curtis Lazar in neutral zone.
10:50 of 2nd period - Jon Merrill is hit by AJ Greer and loses puck.
10:55 of 2nd period - Snap shot by Matthew Phillips.
10:55 of 2nd period - Deflect By Josh Archibald.
10:55 of 2nd period - Shot Blocked by Jon Merrill.
10:55 of 2nd period - Puck is out of play.
10:56 of 2nd period - Curtis Lazar wins face-off versus Matthew Phillips in Reno Silver Aces zone.
11:05 of 2nd period - Snap shot by Ryan Suzuki.
11:05 of 2nd period - Shot Misses the Net.
11:07 of 2nd period - Snap shot by AJ Greer.
11:07 of 2nd period - Shot Blocked by Jon Merrill.
11:09 of 2nd period - Snap shot by Caleb Jones.
11:09 of 2nd period - Stopped by Casey DeSmith with a rebound.
11:11 of 2nd period - Wrist shot by AJ Greer.
11:11 of 2nd period - Stopped by Casey DeSmith with a rebound.
11:13 of 2nd period - Slapshot by Caleb Jones.
11:13 of 2nd period - Deflect By AJ Greer.
11:13 of 2nd period - Stopped by Casey DeSmith with a rebound.
11:15 of 2nd period - Snap shot by Caleb Jones.
11:15 of 2nd period - Stopped by Casey DeSmith without a rebound.
11:16 of 2nd period - Trevor Lewis wins face-off versus Adam Gaudette in Reno Silver Aces zone.
11:21 of 2nd period - Snap shot by Denis Gurianov.
11:21 of 2nd period - Stopped by Casey DeSmith with a rebound.
11:41 of 2nd period - Michael Stone is hit by Matthew Phillips.
12:00 of 2nd period - Icing by AJ Greer.
12:01 of 2nd period - Fredrik Olofsson wins face-off versus Patrick Brown in Adelaide Pink Elephants zone.
12:08 of 2nd period - Wrist shot by Patrick Brown.
12:08 of 2nd period - Stopped by Unknown Goalie with a rebound.
12:10 of 2nd period - Slapshot by Patrick Brown.
12:10 of 2nd period - Shot Blocked by Jacob Bernard-Docker.
12:12 of 2nd period - Wrist shot by Drew O'Connor.
12:12 of 2nd period - Shot Blocked by Axel Jonsson-Fjallby.
12:14 of 2nd period - Wrist shot by Patrick Brown.
12:14 of 2nd period - Shot Blocked by Axel Jonsson-Fjallby.
12:16 of 2nd period - Slapshot by Michael Stone.
12:16 of 2nd period - Stopped by Unknown Goalie with a rebound.
12:26 of 2nd period - Wrist shot by Adam Gaudette.
12:26 of 2nd period - Shot Misses the Net.
12:28 of 2nd period - Snap shot by Denis Gurianov.
12:28 of 2nd period - Shot Misses the Net.
12:30 of 2nd period - Slapshot by Zachary Jones.
12:30 of 2nd period - Shot Misses the Net.
12:34 of 2nd period - Wrist shot by Denis Gurianov.
12:34 of 2nd period - Stopped by Casey DeSmith with a rebound.
12:36 of 2nd period - Wrist shot by Denis Gurianov.
12:36 of 2nd period - Shot Misses the Net.
13:14 of 2nd period - Snap shot by Fredrik Olofsson.
13:14 of 2nd period - Stopped by Casey DeSmith with a rebound.
13:16 of 2nd period - Minor Penalty to Robert Bortuzzo for Hooking.
13:17 of 2nd period - Ryan Suzuki wins face-off versus Patrick Brown in Reno Silver Aces zone.
13:20 of 2nd period - Slapshot by Ryan Suzuki.
13:20 of 2nd period - Stopped by Casey DeSmith without a rebound.
13:21 of 2nd period - Patrick Brown wins face-off versus Matthew Phillips in Reno Silver Aces zone.
14:00 of 2nd period - Wrist shot by Ryan Suzuki.
14:00 of 2nd period - Deflect By Matthew Phillips.
14:00 of 2nd period - Shot Misses the Net.
14:00 of 2nd period - Puck is out of play.
14:01 of 2nd period - Adam Gaudette wins face-off versus Patrick Brown in Reno Silver Aces zone.
14:27 of 2nd period - Minor Penalty to Jacob Bernard-Docker for Tripping.
14:28 of 2nd period - Trevor Lewis wins face-off versus Adam Gaudette in Adelaide Pink Elephants zone.
14:53 of 2nd period - Nicolas Deslauriers is hit by Nick Cicek and loses puck.
15:00 of 2nd period - Snap shot by Nicolas Deslauriers.
15:00 of 2nd period - Shot Misses the Net.
15:02 of 2nd period - Slapshot by Nicolas Deslauriers.
15:02 of 2nd period - Stopped by Unknown Goalie without a rebound.
15:03 of 2nd period - Cal Clutterbuck wins face-off versus Trevor Lewis in Adelaide Pink Elephants zone.
15:16 of 2nd period - Penalty to Robert Bortuzzo is over, Robert Bortuzzo is back on ice.
15:20 of 2nd period - Slapshot by Trevor Lewis.
15:20 of 2nd period - Stopped by Unknown Goalie with a rebound.
15:22 of 2nd period - Wrist shot by Robert Bortuzzo.
15:22 of 2nd period - Goal by Robert Bortuzzo - Adelaide Pink Elephants : 3 - Reno Silver Aces : 5.
15:23 of 2nd period - Trevor Lewis wins face-off versus Adam Gaudette in neutral zone.
15:34 of 2nd period - Slapshot by Caleb Jones.
15:34 of 2nd period - Stopped by Casey DeSmith with a rebound.
15:38 of 2nd period - Snap shot by Cal Clutterbuck.
15:38 of 2nd period - Deflect By Adam Gaudette.
15:38 of 2nd period - Shot Blocked by Robert Bortuzzo.
15:38 of 2nd period - Puck is out of play.
15:39 of 2nd period - Curtis Lazar wins face-off versus AJ Greer in Reno Silver Aces zone.
15:46 of 2nd period - Wrist shot by Josh Archibald.
15:46 of 2nd period - Shot Misses the Net.
16:09 of 2nd period - Slapshot by Jon Merrill.
16:09 of 2nd period - Shot Blocked by Denis Gurianov.
16:11 of 2nd period - Slapshot by Nicolas Deslauriers.
16:11 of 2nd period - Stopped by Unknown Goalie with a rebound.
16:51 of 2nd period - Michael Stone is hit by Jacob Bernard-Docker.
17:18 of 2nd period - Wrist shot by Nicolas Deslauriers.
17:18 of 2nd period - Stopped by Unknown Goalie with a rebound.
17:22 of 2nd period - Snap shot by Nicolas Deslauriers.
17:22 of 2nd period - Shot Misses the Net.
17:24 of 2nd period - Wrist shot by Drew O'Connor.
17:24 of 2nd period - Shot Misses the Net.
17:26 of 2nd period - Wrist shot by Nicolas Deslauriers.
17:26 of 2nd period - Shot Misses the Net.
17:28 of 2nd period - Wrist shot by Nicolas Deslauriers.
17:28 of 2nd period - Stopped by Unknown Goalie with a rebound.
17:34 of 2nd period - Minor Penalty to Caleb Jones for Hooking.
17:35 of 2nd period - Peter Abbandonato wins face-off versus Cal Clutterbuck in Adelaide Pink Elephants zone.
18:36 of 2nd period - Snap shot by Peter Abbandonato.
18:36 of 2nd period - Stopped by Unknown Goalie with a rebound.
18:38 of 2nd period - Snap shot by Maxime Comtois.
18:38 of 2nd period - Goal by Maxime Comtois - Adelaide Pink Elephants : 3 - Reno Silver Aces : 6.
18:39 of 2nd period - Ryan Suzuki wins face-off versus Curtis Lazar in neutral zone.
18:52 of 2nd period - Slapshot by Ryan Suzuki.
18:52 of 2nd period - Shot Misses the Net.
18:54 of 2nd period - Snap shot by Jacob Bernard-Docker.
18:54 of 2nd period - Stopped by Casey DeSmith with a rebound.
19:04 of 2nd period - Jon Merrill is hit by Ryan Suzuki and loses puck.
19:46 of 2nd period - Slapshot by Danton Heinen.
19:46 of 2nd period - Shot Misses the Net.
19:55 of 2nd period - Off-side.
19:56 of 2nd period - Matthew Phillips wins face-off versus Peter Abbandonato in neutral zone.
Goals for this period are 0 for Adelaide Pink Elephants vs 3 for Reno Silver Aces.
Shots for this period are 11 for Adelaide Pink Elephants vs 14 for Reno Silver Aces.
3rd period
0:01 of 3rd period - Trevor Lewis wins face-off versus Adam Gaudette in neutral zone.
0:27 of 3rd period - Curtis Lazar is hit by Caleb Jones and loses puck.
0:36 of 3rd period - Wrist shot by Matthew Phillips.
0:36 of 3rd period - Shot Misses the Net.
0:38 of 3rd period - Slapshot by AJ Greer.
0:38 of 3rd period - Shot Blocked by Jon Merrill.
0:52 of 3rd period - Jon Merrill is hit by Axel Jonsson-Fjallby.
0:55 of 3rd period - Off-side.
0:56 of 3rd period - Trevor Lewis wins face-off versus Adam Gaudette in neutral zone.
1:00 of 3rd period - Denis Gurianov beats up Maxime Comtois.
1:00 of 3rd period - Penalty to Maxime Comtois for Fighting.
1:00 of 3rd period - Penalty to Denis Gurianov for Fighting.
1:01 of 3rd period - Ryan Suzuki wins face-off versus Trevor Lewis in Adelaide Pink Elephants zone.
1:27 of 3rd period - Cal Clutterbuck is hit by Nicolas Deslauriers and loses puck.
1:39 of 3rd period - Zachary Jones is hit by Robert Bortuzzo and loses puck.
3:06 of 3rd period - Nick Cicek is hit by Peter Abbandonato and loses puck.
3:25 of 3rd period - Matthew Phillips is hit by Michael Stone and loses puck.
3:30 of 3rd period - Snap shot by Drew O'Connor.
3:30 of 3rd period - Stopped by Unknown Goalie with a rebound.
3:32 of 3rd period - Snap shot by Drew O'Connor.
3:32 of 3rd period - Shot Blocked by Nick Cicek.
4:06 of 3rd period - Minor Penalty to Benjamin Gleason for Hooking.
4:07 of 3rd period - Adam Gaudette wins face-off versus Trevor Lewis in Adelaide Pink Elephants zone.
4:18 of 3rd period - Wrist shot by Danton Heinen.
4:18 of 3rd period - Shot Misses the Net.
4:20 of 3rd period - Wrist shot by Vinnie Hinostroza.
4:20 of 3rd period - Shot Misses the Net.
4:22 of 3rd period - Slapshot by Danton Heinen.
4:22 of 3rd period - Stopped by Unknown Goalie with a rebound.
6:00 of 3rd period - Penalty to Denis Gurianov is over, Denis Gurianov is back on ice.
9:16 of 3rd period - Off-side.
9:17 of 3rd period - Tristen Robins wins face-off versus Peter Abbandonato in neutral zone.
11:21 of 3rd period - Wrist shot by Vinnie Hinostroza.
11:21 of 3rd period - Shot Misses the Net.
11:23 of 3rd period - Snap shot by Josh Archibald.
11:23 of 3rd period - Shot Misses the Net.
11:35 of 3rd period - Michael Stone is hit by Nick Cicek and loses puck.
12:33 of 3rd period - Wrist shot by Danton Heinen.
12:33 of 3rd period - Stopped by Unknown Goalie with a rebound.
12:35 of 3rd period - Wrist shot by Maxime Comtois.
12:35 of 3rd period - Stopped by Unknown Goalie with a rebound.
12:37 of 3rd period - Slapshot by Trevor Lewis.
12:37 of 3rd period - Stopped by Unknown Goalie with a rebound.
12:39 of 3rd period - Snap shot by Maxime Comtois.
12:39 of 3rd period - Shot Misses the Net.
12:41 of 3rd period - Wrist shot by Trevor Lewis.
12:41 of 3rd period - Stopped by Unknown Goalie with a rebound.
12:43 of 3rd period - Slapshot by Trevor Lewis.
12:43 of 3rd period - Stopped by Unknown Goalie with a rebound.
13:52 of 3rd period - Robin Salo is hit by Curtis Lazar.
14:30 of 3rd period - Robin Salo is hit by Vinnie Hinostroza and loses puck.
15:14 of 3rd period - Wrist shot by Axel Jonsson-Fjallby.
15:14 of 3rd period - Stopped by Casey DeSmith with a rebound.
15:16 of 3rd period - Slapshot by Jacob Bernard-Docker.
15:16 of 3rd period - Deflect By Drew O'Connor.
15:16 of 3rd period - Stopped by Casey DeSmith without a rebound.
15:17 of 3rd period - Curtis Lazar wins face-off versus Adam Gaudette in Reno Silver Aces zone.
15:41 of 3rd period - Matthew Phillips is hit by Maxime Comtois and loses puck.
16:45 of 3rd period - Slapshot by Valtteri Puustinen.
16:45 of 3rd period - Shot Misses the Net.
16:47 of 3rd period - Slapshot by Valtteri Puustinen.
16:47 of 3rd period - Shot Misses the Net.
16:53 of 3rd period - Minor Penalty to Jacob Bernard-Docker for Elbowing.
16:54 of 3rd period - Trevor Lewis wins face-off versus Adam Gaudette in Adelaide Pink Elephants zone.
16:55 of 3rd period - Wrist shot by Vinnie Hinostroza.
16:55 of 3rd period - Goal by Vinnie Hinostroza - Adelaide Pink Elephants : 3 - Reno Silver Aces : 7.
16:56 of 3rd period - Ryan Suzuki wins face-off versus Trevor Lewis in neutral zone.
17:03 of 3rd period - Snap shot by Maxime Comtois.
17:03 of 3rd period - Stopped by Unknown Goalie with a rebound.
17:05 of 3rd period - Wrist shot by Danton Heinen.
17:05 of 3rd period - Stopped by Unknown Goalie with a rebound.
17:07 of 3rd period - Slapshot by Jon Merrill.
17:07 of 3rd period - Shot Misses the Net.
17:09 of 3rd period - Slapshot by Jon Merrill.
17:09 of 3rd period - Shot Misses the Net.
17:11 of 3rd period - Slapshot by Maxime Comtois.
17:11 of 3rd period - Shot Misses the Net.
17:57 of 3rd period - Snap shot by Matthew Phillips.
17:57 of 3rd period - Stopped by Casey DeSmith with a rebound.
17:59 of 3rd period - Slapshot by Matthew Phillips.
17:59 of 3rd period - Goal by Matthew Phillips - Adelaide Pink Elephants : 4 - Reno Silver Aces : 7.
18:00 of 3rd period - Ryan Suzuki wins face-off versus Trevor Lewis in neutral zone.
18:25 of 3rd period - Zachary Jones is hit by Jon Merrill.
18:51 of 3rd period - Jeremie Poirier is hit by AJ Greer and loses puck.
18:57 of 3rd period - Off-side.
18:58 of 3rd period - Trevor Lewis wins face-off versus Adam Gaudette in neutral zone.
19:00 of 3rd period - Michael Stone is hit by Denis Gurianov and loses puck.
19:51 of 3rd period - Snap shot by Denis Gurianov.
19:51 of 3rd period - Stopped by Casey DeSmith without a rebound.
19:52 of 3rd period - Tristen Robins wins face-off versus Curtis Lazar in Reno Silver Aces zone.
19:53 of 3rd period - Snap shot by Fredrik Olofsson.
19:53 of 3rd period - Shot Misses the Net.
19:55 of 3rd period - Wrist shot by Axel Jonsson-Fjallby.
19:55 of 3rd period - Stopped by Casey DeSmith without a rebound.
19:56 of 3rd period - Tristen Robins wins face-off versus Trevor Lewis in Reno Silver Aces zone.
Goals for this period are 1 for Adelaide Pink Elephants vs 1 for Reno Silver Aces.
Shots for this period are 6 for Adelaide Pink Elephants vs 10 for Reno Silver Aces.
Back to the Top